 Dungeon Crawl Stone Soup version 0.31-a0-233-g139696dc86 (webtiles) character file.

Game seed: 14217298088330841552

167572 qw the Warrior (level 17, -20/172 HPs)
             Began as a Minotaur Hexslinger on July 8, 2023.
             Was a High Priest of Okawaru.
             Demolished by a broodmother (39 damage)
             ... on level 3 of the Spider Nest.
             The game lasted 00:14:38 (29488 turns).

qw the Warrior (Minotaur Hexslinger)               Turns: 29488, Time: 00:14:39

Health: -20/172    AC: 27    Str: 13    XL:     17   Next: 31%
Magic:  23/23      EV: 33    Int: 10    God:    Okawaru [*****.]
Gold:   1798       SH:  0    Dex: 21    Spells: 17/18 levels left

rFire   + + .        h - +4 longbow of Subterfuge {elec, rF+ Will+}
rCold   . . .        (shield currently unavailable)
rNeg    . . .        A - +4 ring mail {rF+}
rPois   +            w - +2 hat
rElec   .            F - +1 cloak of Starlight {*Dazzle EV+4 Stlth--}
rCorr   .            r - +2 pair of gloves
SInv    .            x - +2 pair of boots {Stlth+}
Will    ++...        D - amulet of faith
Stlth   ++           l - +5 ring of evasion
HPRegen 0.48/turn    k - ring of poison resistance
MPRegen 0.18/turn

%: faith
@: lethally poisoned (-20 -> -22), about to teleport, heroic
A: horns 2, retaliatory headbutt, iridescent scales 1, mutation resistance 1,
subdued magic 1
a: Renounce Religion, Heroism, Finesse, Duel


You were on level 3 of the Spider Nest.
You worshipped Okawaru.
Okawaru was extremely pleased with you.
You visited 6 branches of the dungeon, and saw 29 of its levels.
You also visited: Sewer.

You collected 2976 gold pieces.
You spent 1178 gold pieces at shops.


Innate Abilities, Weirdness & Mutations

You have a pair of horns on your head.
You reflexively headbutt those who attack you in melee.
You are partially covered in iridescent scales. (AC +2)
You are somewhat resistant to further mutation.
Your spells are a little easier to cast, but a little less powerful.


   Skills:
 + Level 20.8(25.8) Fighting
 - Level 20.0(25.0) Ranged Weapons
 - Level 12.0(17.0) Armour
 - Level 15.0(20.0) Dodging
 - Level 1.0 Spellcasting
 - Level 2.0 Hexes
 - Level 10.0 Invocations


You had 17 spell levels left.
You knew the following spells:

 Your Spells              Type           Power      Damage    Failure   Level
a - Slow                  Hex            12%        N/A       21%         1

Your spell library contained the following spells:

 Spells                   Type           Power      Damage    Failure   Level
 Inner Flame              Hex/Fire       1%         N/A       69%         3
 Portal Projectile        Hex/Tloc       2%         N/A       69%         3
 Cause Fear               Hex            1%         N/A       92%         4

Inventory:

Hand Weapons
 h - the +4 longbow of Subterfuge (weapon) {elec, rF+ Will+}
   (You acquired it on level 8 of the Dungeon)

   rF:        It protects you from fire.
   Will:      It increases your willpower.
Armour
 f - the +3 leather armour of the Original Sin {rC+ Str+2}
   (You found it on level 8 of the Dungeon)

   Str:       It affects your strength (+2).
   rC:        It protects you from cold.
 r - a +2 pair of gloves (worn)
 u - a +0 troll leather armour
 w - a +2 hat (worn)
 x - a +2 pair of boots of stealth (worn)
 z - a +3 ring mail of poison resistance
 A - a +4 ring mail of fire resistance (worn)
 F - the +1 cloak of Starlight (worn) {*Dazzle EV+4 Stlth--}
   (Okawaru gifted it to you on level 2 of the Shoals)

   *Dazzle:   It may blind those who miss an attack against the wearer in melee
   combat.
   EV:        It affects your evasion (+4).
   Stlth:     It makes you much less stealthy.
Jewellery
 b - a +4 ring of protection
 k - a ring of poison resistance (right hand)
 l - a +5 ring of evasion (left hand)
 m - a ring of protection from fire
 o - a ring of protection from fire
 D - an amulet of faith (around neck)
Wands
 i - a wand of digging (5)
Scrolls
 j - 12 scrolls of identify
 n - 2 scrolls of teleportation
 s - 3 scrolls of enchant weapon
 B - a scroll of enchant armour
 C - 4 scrolls of brand weapon
Potions
 a - 10 potions of curing
 c - 2 potions of enlightenment
 d - 2 potions of mutation
 e - 4 potions of might
 g - 4 potions of haste
 p - 2 potions of resistance
 q - 2 potions of magic
 t - 4 potions of cancellation

Dungeon Overview and Level Annotations

Branches:
Dungeon (15/15)            Temple (1/1) D:6            Lair (5/5) D:9
 Shoals (3/4) Lair:3       Spider (3/4) Lair:2        Slime (0/5) Lair:4
    Orc (2/2) D:12            Elf (0/3) Orc:2        Vaults (0/5) D:14
 Depths (0/4) D:15          Sewer (visited)

Altars:
Ashenzari
Cheibriados
Dithmenos
Elyvilon
Fedhas
Gozag
Hepliaklqana
Kikubaaqudgha
Makhleb
Nemelex Xobeh
Okawaru
Qazlal
Ru
Sif Muna
Trog
Uskayaw
Vehumet
Wu Jian
Xom
Yredelemnul
Zin
The Shining One
Lugonu

Shops:
D:4 *   D:7 ((   D:8 [   D:14 *   Orc:2 ([[*   Shoals:3 :

Portals:
Abyss: Lair:5

Annotations:
D:6 exclusion: 6 electric eels
Lair:2 3 runed translucent doors, qw's ghost, journeyman MiHs


Message History

You hear a faint skittering sound.
You shoot an arrow. The arrow hits the broodmother!!
The broodmother is moderately wounded.
You feel sick.
The jumping spider completely misses you.
The jumping spider barely misses you. The broodmother bites you!!
A spider bursts forth from the wound!
You hear a faint skittering sound.
The jumping spider misses you. x2; The tarantella misses you.
You furiously retaliate!
You headbutt the tarantella.
29487 ||| READING 3 scrolls of teleportation.
As you read the scroll of teleportation, it crumbles to dust.
You feel strangely unstable.
You feel sick.
The jumping spider is no longer blind. x2
You hear a faint skittering sound.
The broodmother misses you. The tarantella completely misses you.
The tarantella's sight is seared by the starlight!
The jumping spider closely misses you. You furiously retaliate!
You headbutt the jumping spider!
The jumping spider bites you but does no damage.
The jumping spider pounces on you but does no damage.
The jumping spider completely misses you.
The broodmother misses you. You furiously retaliate!
You headbutt the broodmother, but do no damage.
The jumping spider misses you.
The jumping spider completely misses you.
The tarantella completely misses you. The jumping spider closely misses you.
You furiously retaliate!
You headbutt the jumping spider, but do no damage.
The jumping spider bites you.
You hear a faint skittering sound.
You shoot an arrow. The arrow hits the jumping spider!!
You kill the jumping spider!
Okawaru accepts your kill.
You feel sick.
The jumping spider completely misses you.
You furiously retaliate!
You headbutt the jumping spider!
The jumping spider bites you but does no damage.
The tarantella closely misses you. The broodmother bites you!!!
You die...

#.. ... #.#. . ..
#.. #^.. #. ..#
...#... ...
..#...... ## ....
#...#s#.#..#
.#..#.s^s.s...#
##..#sys.##%ss#
....s.s%##@###..)
.....#)swsss......
#^.#...#yss.....#.
. #..^.#?#######
#..#.#..
...s.##.#. ...#.#
>.^.. .#$.# ..# #.
.. ... .#


You could see a broodmother (berserk), a steelbarb worm (berserk), a moth of
wrath, a culicivora (berserk), 3 jumping spiders, 2 tarantellas and 2 redbacks.

Vanquished Creatures
  Nikola (Spider:1)
  Mlioglotl (Spider:1)
  Gastronok (Lair:2)
  Agnes (Spider:1)
  Roxanne (Shoals:3)
  Kirke (Spider:2)
  Aizul (Spider:1)
  A ghost moth (Spider:1)
  2 orc warlords (Orc:2)
  Azrael (D:13)
  A spark wasp (Spider:1)
  Snorg (Orc:2)
  Josephine (D:11)
  A merfolk impaler (Shoals:2)
  A merfolk javelineer (Shoals:3)
  An entropy weaver (Spider:1)
  An entropy weaver (shapeshifter) (Lair:5)
  Erica (D:11)
  6 boulder beetles
  7 hydras
  4 ogre magi (Orc:2)
  2 satyrs
  9 centaur warriors
  A catoblepas (Lair:4)
  19 two-headed ogres
  4 death yaks (Lair:5)
  4 thrashing horrors (Lair:5)
  2 demonic crawlers (Spider:1)
  Nergalle (D:11)
  3 pharaoh ants
  2 sun moths (Spider:1)
  5 skeletal warriors (D:15)
  3 skysharks
  6 sea snakes
  2 orb spiders
  A harpy (shapeshifter) (D:15)
  Pikel (D:7)
  A wolf spider zombie (D:15)
  3 orc knights
  4 deep elf pyromancers
  3 wizards
  4 harpies (Shoals:2)
  A necromancer (D:15)
  2 steelbarb worms (Spider:1)
  8 wolf spiders
  6 oklob plants (Lair:4)
  11 ugly things
  An orc sorcerer (Orc:1)
  16 manticores
  3 cyclopes
  12 elephants
  13 fauns
  3 merfolk sirens
  7 black mambas
  A guardian serpent (shapeshifter) (Lair:5)
  3 torpor snails
  A moth of wrath (Spider:1)
  10 cane toads
  Maurice (D:13)
  A smoke demon (Lair:5)
  A water nymph (Shoals:2)
  A kobold demonologist (D:10)
  A rime drake (shapeshifter) (D:14)
  4 rime drakes
  An efreet (D:14)
  7 komodo dragons
  2 ancient zymes (Lair:5)
  5 polar bears
  A harpy zombie (D:15)
  2 wind drakes
  8 trolls
  14 merfolk
  3 meliai (Spider:3)
  A queen bee (shapeshifter) (D:15)
  A polar bear (shapeshifter) (D:15)
  A blink frog (shapeshifter) (D:13)
  18 tarantellas
  24 blink frogs
  A snapping turtle (Shoals:1)
  5 dream sheep
  4 slime creatures
  A centaur simulacrum (D:15)
  2 vampires
  15 jumping spiders
  5 culicivoras (Spider:1)
  A ynoxinul (Lair:5)
  9 wyverns
  2 jumping spiders (shapeshifter)
  A shadow (D:11)
  4 hogs (Spider:1)
  Sigmund (D:2)
  9 wraiths
  57 yaks
  Grum (Lair:1)
  4 fire elementals (D:13)
  10 small abominations (Lair:5)
  10 basilisks
  3 chaos spawn (Lair:5)
  16 vampire mosquitoes
  A redback simulacrum (D:15)
  7 steam dragons
  26 redbacks
  A swamp worm (shapeshifter) (Lair:5)
  4 wargs
  7 acid dragons
  Pargi (Sewer)
  12 water moccasins
  29 orc warriors
  2 ice beasts
  3 sky beasts
  3 black bears
  A black bear (shapeshifter) (D:14)
  30 ogres
  17 wolves
  24 centaurs
  3 lemures (D:7)
  2 phantoms
  A kobold brigand (D:8)
  12 bullfrogs
  2 necrophages (D:5)
  4 scorpions
  8 wights
  14 killer bees
  5 electric eels
  7 howler monkeys
  4 jellies (Lair:4)
  A human zombie (D:5)
  6 hounds
  19 orc priests
  A bullfrog zombie (D:5)
  A gnoll bouda (D:9)
  6 iguanas
  A boggart zombie (D:15)
  18 orc wizards
  3 sleepcaps (D:6)
  6 hell rats (Lair:3)
  A killer bee zombie (D:5)
  2 hound zombies (D:5)
  2 mummies (D:5)
  8 gnolls
  11 adders
  2 river rats (D:3)
  A white imp (D:7)
  An ufetubus (D:5)
  A worm (D:3)
  A dart slug (D:4)
  54 orcs
  7 bats
  10 endoplasms
  2 giant cockroaches
  3 goblins
  5 hobgoblins
  2 quokkas (D:3)
  8 ball pythons
  5 frilled lizards
  8 kobolds
  7 rats
905 creatures vanquished.

Vanquished Creatures (others)
  A moth of wrath (Spider:1)
  A tarantella (Spider:1)
2 creatures vanquished.

Grand Total: 907 creatures vanquished

Notes
Turn   | Place    | Note
-------+----------+-------------------------------------------
     0 | D:1      | qw the Minotaur Hexslinger began the quest for the Orb.
     0 | D:1      | Reached XP level 1. HP: 16/16 MP: 1/1
     0 | D:1      | 0 ||| qw: Version: 0.3-a-46-gb1f654a
     0 | D:1      | 0 ||| qw: Game counter: 3727
     0 | D:1      | 0 ||| qw: Melee chars always use a shield: true
     0 | D:1      | 0 ||| qw: God list: Okawaru
     0 | D:1      | 0 ||| qw: Allow faded altars: false
     0 | D:1      | 0 ||| qw: Do Orc after clearing Dungeon:15 true
     0 | D:1      | 0 ||| qw: Do second Lair branch before Depths: true
     0 | D:1      | 0 ||| qw: Lair rune preference: random
     0 | D:1      | 0 ||| qw: Goals: Normal
     0 | D:1      | 0 ||| PLANNING D:1-11
   203 | D:1      | Reached skill level 3 in Ranged Weapons
   203 | D:1      | Reached XP level 2. HP: 16/23 MP: 2/2
   446 | D:1      | Found a faded altar of an unknown god.
   483 | D:1      | 483 ||| UPGRADING to +0 ring mail.
   493 | D:1      | 493 ||| DROPPING +0 robe.
   494 | D:1      | 494 ||| READING scroll labelled BACRUGAFFI.
   495 | D:1      | 495 ||| READING 2 scrolls labelled NOKKUH TOPTIAG.
   500 | D:1      | 500 ||| DROPPING scroll of poison.
   570 | D:2      | 570 ||| FLEEEEING.
   571 | D:2      | 571 ||| STAIRDANCE
   587 | D:1      | 587 ||| READING scroll labelled DUMUSE NUFI.
   591 | D:2      | 591 ||| STAIRDANCE
   780 | D:2      | Noticed Sigmund
   786 | D:2      | Killed Sigmund
   787 | D:2      | Reached XP level 3. HP: 21/29 MP: 3/3
   787 | D:2      | Reached XP level 4. HP: 26/36 MP: 4/4
   787 | D:2      | Reached XP level 5. HP: 30/41 MP: 5/5
  1054 | D:2      | Found a shadowy altar of Dithmenos.
  1102 | D:2      | Reached skill level 1 in Armour
  1271 | D:2      | 1271 ||| READING scroll labelled CERRIA NELACO.
  1292 | D:3      | 1292 ||| PLANNING SEWER
  1429 | D:3      | Reached skill level 3 in Fighting
  1634 | D:3      | Reached skill level 6 in Ranged Weapons
  1681 | D:3      | Found a glowing drain.
  1682 | D:3      | 1682 ||| READING scroll labelled VEEREM ICAHE.
  1688 | Sewer    | Entered a sewer
  1712 | Sewer    | Noticed Pargi
  1727 | Sewer    | HP: 11/45 [Pargi (3)]
  1728 | Sewer    | 1728 ||| READING scroll of teleportation.
  1735 | Sewer    | Killed Pargi
  1736 | Sewer    | Reached XP level 6. HP: 10/53 MP: 6/6
  1920 | D:3      | 1920 ||| PLANNING D:1-11
  2106 | D:3      | Found a glowing silver altar of Zin.
  2125 | D:3      | 2125 ||| Stepping ~*~*~tactically~*~*~ (outnumbered).
  2418 | D:3      | Found a radiant altar of Vehumet.
  2480 | D:3      | 2480 ||| UPGRADING to +5 ring of evasion.
  2481 | D:3      | 2481 ||| READING 4 scrolls labelled DUWEF ENWICAETH.
  2482 | D:3      | 2482 ||| READING 3 scrolls of enchant weapon.
  2482 | D:3      | 2482 ||| ENCHANTING +2 sling of freezing.
  2483 | D:3      | 2483 ||| READING 2 scrolls of enchant weapon.
  2483 | D:3      | 2483 ||| ENCHANTING +3 sling of freezing.
  2484 | D:3      | 2484 ||| READING scroll of enchant weapon.
  2484 | D:3      | 2484 ||| ENCHANTING +4 sling of freezing.
  2485 | D:3      | 2485 ||| READING scroll labelled PYOJOC SOTHRIABB.
  2486 | D:3      | 2486 ||| READING 2 scrolls labelled GOTIAWASMU.
  2573 | D:3      | 2573 ||| DRINKING 2 puce potions.
  2574 | D:3      | 2574 ||| DRINKING 2 smoky grey potions.
  2601 | D:3      | 2601 ||| DRINKING 3 smoky black potions.
  2601 | D:3      | Gained mutation: You occasionally lose the ability to read
                  | scrolls when taking damage. [potion of mutation]
  2601 | D:3      | Gained mutation: You are partially covered in iridescent
                  | scales. (AC +2) [potion of mutation]
  2601 | D:3      | Gained mutation: You passively dampen the noise of your
                  | surroundings. [potion of mutation]
  2602 | D:3      | 2602 ||| DRINKING 2 potions of mutation.
  2602 | D:3      | Lost mutation: You passively dampen the noise of your
                  | surroundings. [potion of mutation]
  2602 | D:3      | Lost mutation: You occasionally lose the ability to read
                  | scrolls when taking damage. [potion of mutation]
  2602 | D:3      | Gained mutation: Your spells are a little easier to cast,
                  | but a little less powerful. [potion of mutation]
  2602 | D:3      | Gained mutation: You are somewhat resistant to further
                  | mutation. [potion of mutation]
  2603 | D:3      | 2603 ||| DRINKING 2 bubbling grey potions.
  2604 | D:3      | 2604 ||| DROPPING potion of lignification.
  2605 | D:3      | 2605 ||| DROPPING potion of attraction.
  2606 | D:3      | 2606 ||| DROPPING scroll of torment.
  2775 | D:4      | Reached XP level 7. HP: 60/60 MP: 7/7
  2859 | D:4      | 2859 ||| SWAPPING to +0 orcbow.
  2860 | D:4      | 2860 ||| DROPPING +5 sling of freezing.
  2935 | D:4      | Found Huimatal's Elemental Accessories.
  3062 | D:4      | Found a glowing golden altar of the Shining One.
  3208 | D:4      | You fall into a shaft and drop 3 floors!
  3348 | D:7      | 3348 ||| UPGRADING to ring of poison resistance.
  3349 | D:7      | 3349 ||| READING scroll labelled EKHLUI BOCRE.
  3350 | D:7      | 3350 ||| READING 3 scrolls labelled OWA XYICKIFF.
  3351 | D:7      | 3351 ||| DRINKING 2 bubbling blue potions.
  3352 | D:7      | 3352 ||| DROPPING 2 scrolls of blinking.
  3373 | D:6      | Found a staircase to the Ecumenical Temple.
  3374 | D:6      | 3374 ||| PLANNING TEMPLE
  3427 | Temple   | Entered the Ecumenical Temple
  3428 | Temple   | 3428 ||| PLANNING OKAWARU WORSHIP
  3432 | Temple   | Became a worshipper of Warmaster Okawaru
  3433 | Temple   | 3433 ||| PLANNING D:1-11
  3450 | D:5      | Entered Level 5 of the Dungeon
  3454 | D:5      | 3454 ||| Stepping ~*~*~tactically~*~*~ (outnumbered).
  3457 | D:5      | 3457 ||| Stepping ~*~*~tactically~*~*~ (outnumbered).
  3460 | D:5      | 3460 ||| Stepping ~*~*~tactically~*~*~ (outnumbered).
  3474 | D:5      | Reached skill level 9 in Ranged Weapons
  3474 | D:5      | Reached XP level 8. HP: 44/69 MP: 8/8
  3687 | D:5      | 3687 ||| READING scroll of enchant weapon.
  3687 | D:5      | 3687 ||| ENCHANTING +0 orcbow.
  3737 | D:5      | Reached skill level 3 in Dodging
  3795 | D:5      | Reached skill level 6 in Fighting
  3997 | D:5      | HP: 16/66 [wight/+3 halberd (11)]
  3998 | D:5      | 3998 ||| DRINKING potion of heal wounds.
  4069 | D:5      | Found an ancient bone altar of Kikubaaqudgha.
  4152 | D:5      | Reached * piety under Okawaru
  4744 | D:5      | 4744 ||| INVOKING Heroism.
  4745 | D:5      | 4745 ||| INVOKING Heroism.
  4747 | D:5      | Reached skill level 1 in Invocations
  4759 | D:5      | 4759 ||| INVOKING Heroism.
  5048 | D:5      | 5048 ||| READING scroll of enchant weapon.
  5048 | D:5      | 5048 ||| ENCHANTING +1 orcbow.
  5084 | D:5      | Reached skill level 3 in Invocations
  5084 | D:5      | Reached XP level 9. HP: 79/79 MP: 10/10
  5323 | D:6      | 5323 ||| Stepping ~*~*~tactically~*~*~ (cloud).
  5348 | D:6      | Noticed a manticore
  5350 | D:6      | 5350 ||| INVOKING Heroism.
  5358 | D:6      | Killed a manticore
  5358 | D:6      | Reached ** piety under Okawaru
  5390 | D:6      | 5390 ||| INVOKING Heroism.
  5567 | D:6      | 5567 ||| INVOKING Heroism.
  5913 | D:6      | 5913 ||| INVOKING Heroism.
  5944 | D:6      | 5944 ||| INVOKING Heroism.
  6388 | D:7      | 6388 ||| INVOKING Heroism.
  6394 | D:7      | Reached skill level 12 in Ranged Weapons
  6454 | D:7      | 6454 ||| FLEEEEING.
  6455 | D:7      | 6455 ||| INVOKING Heroism.
  6475 | D:7      | 6475 ||| Stepping ~*~*~tactically~*~*~ (cloud).
  6563 | D:7      | Found an opulent altar of Gozag.
  6568 | D:7      | Found an opulent altar of Gozag.
  6568 | D:7      | Found an opulent altar of Gozag.
  6656 | D:7      | Noticed Pikel
  6657 | D:7      | 6657 ||| INVOKING Heroism.
  6688 | D:7      | 6688 ||| INVOKING Heroism.
  6689 | D:7      | Killed Pikel
  6690 | D:7      | Reached XP level 10. HP: 35/88 MP: 9/12
  6849 | D:7      | Found an opulent altar of Gozag.
  6898 | D:7      | 6898 ||| INVOKING Heroism.
  6954 | D:7      | Found Luetsul's Weapon Shop.
  7081 | D:7      | Found Hoppal's Firing Range.
  7195 | D:7      | Found a shimmering altar of Xom.
  7291 | D:7      | 7291 ||| INVOKING Heroism.
  7603 | D:7      | Found a burning altar of Makhleb.
  7603 | D:7      | Found a sacrificial altar of Ru.
  7610 | D:7      | 7610 ||| UPGRADING to +0 steam dragon scales.
  7620 | D:7      | 7620 ||| DROPPING +0 ring mail.
  7621 | D:7      | 7621 ||| DROPPING ring of resist corrosion.
  7648 | D:8      | 7648 ||| INVOKING Heroism.
  7744 | D:8      | Identified the +3 leather armour of the Original Sin {rC+
                  | Str+2}
  7782 | D:8      | Found a white marble altar of Elyvilon.
  7807 | D:8      | Found a bloodstained altar of Trog.
  7846 | D:8      | 7846 ||| SWAPPING to +3 orcbow.
  7847 | D:8      | 7847 ||| DROPPING +2 orcbow.
  7862 | D:8      | 7862 ||| Stepping ~*~*~tactically~*~*~ (outnumbered).
  7928 | D:8      | Found a broken altar of Ashenzari.
  7937 | D:8      | 7937 ||| INVOKING Heroism.
  7942 | D:8      | Reached skill level 6 in Dodging
  7955 | D:8      | Noticed a two-headed ogre
  7964 | D:8      | 7964 ||| INVOKING Heroism.
  7966 | D:8      | Killed a two-headed ogre
  7979 | D:8      | 7979 ||| Stepping ~*~*~tactically~*~*~ (outnumbered).
  7980 | D:8      | 7980 ||| Stepping ~*~*~tactically~*~*~ (outnumbered).
  7981 | D:8      | 7981 ||| Stepping ~*~*~tactically~*~*~ (outnumbered).
  8055 | D:8      | 8055 ||| SWAPPING to +2 orcbow of electrocution.
  8056 | D:8      | 8056 ||| DROPPING +3 orcbow.
  8148 | D:8      | Found a stormy altar of Qazlal.
  8177 | D:8      | Reached skill level 9 in Fighting
  8196 | D:8      | Found Yahweh's Dragon-Slaying Spoils.
  8203 | D:8      | 8203 ||| SHOPLISTING +0 acid dragon scales of Raybih {rElec
                  | rCorr Str+3} (904 gold, have 430).
  8203 | D:8      | 8203 ||| SHOPLISTING +2 swamp dragon scales (930 gold, have
                  | 430).
  8203 | D:8      | 8203 ||| SHOPLISTING quicksilver dragon scales (900 gold,
                  | have 430).
  8464 | D:8      | 8464 ||| UPGRADING to +3 leather armour of the Original Sin
                  | {rC+ Str+2}.
  8474 | D:8      | 8474 ||| DROPPING +0 steam dragon scales.
  8530 | D:9      | 8530 ||| INVOKING Heroism.
  8694 | D:9      | 8694 ||| INVOKING Heroism.
  8778 | D:9      | Found a blossoming altar of Fedhas.
  8914 | D:9      | Reached *** piety under Okawaru
  8921 | D:9      | Reached XP level 11. HP: 97/97 MP: 13/13
  9068 | D:9      | 9068 ||| FLEEEEING.
  9069 | D:9      | 9069 ||| FLEEEEING.
  9070 | D:9      | 9070 ||| FLEEEEING.
  9071 | D:9      | 9071 ||| FLEEEEING.
  9072 | D:9      | 9072 ||| FLEEEEING.
  9073 | D:9      | 9073 ||| FLEEEEING.
  9074 | D:9      | 9074 ||| FLEEEEING.
  9075 | D:9      | 9075 ||| FLEEEEING.
  9076 | D:9      | 9076 ||| FLEEEEING.
  9077 | D:9      | 9077 ||| FLEEEEING.
  9078 | D:9      | 9078 ||| FLEEEEING.
  9079 | D:9      | 9079 ||| FLEEEEING.
  9080 | D:9      | 9080 ||| FLEEEEING.
  9081 | D:9      | 9081 ||| FLEEEEING.
  9082 | D:9      | 9082 ||| FLEEEEING.
  9083 | D:9      | 9083 ||| FLEEEEING.
  9089 | D:9      | 9089 ||| FLEEEEING.
  9090 | D:9      | 9090 ||| FLEEEEING.
  9091 | D:9      | 9091 ||| FLEEEEING.
  9092 | D:9      | 9092 ||| FLEEEEING.
  9096 | D:9      | 9096 ||| STAIRDANCE
  9150 | D:8      | 9150 ||| UPGRADING to +0 pair of gloves.
  9155 | D:8      | 9155 ||| UPGRADING to +2 pair of gloves.
  9165 | D:8      | 9165 ||| DROPPING +0 pair of gloves.
  9166 | D:8      | 9166 ||| READING scroll labelled KUSINLIQOC.
  9166 | D:8      | Identified a scroll of acquirement
  9166 | D:8      | 9166 ||| ACQUIRING +4 longbow of Subterfuge {elec, rF+
                  | Will+}
  9166 | D:8      | Acquired the +4 longbow of Subterfuge {elec, rF+ Will+}
  9168 | D:8      | 9168 ||| SWAPPING to +4 longbow of Subterfuge {elec, rF+
                  | Will+}.
  9169 | D:8      | 9169 ||| DROPPING +2 orcbow of electrocution.
  9170 | D:8      | 9170 ||| READING 3 scrolls labelled QOHICROUXA.
  9171 | D:8      | 9171 ||| READING 3 scrolls of identify.
  9171 | D:8      | 9171 ||| IDENTIFYING blue potion
  9172 | D:8      | 9172 ||| READING 2 scrolls of identify.
  9172 | D:8      | 9172 ||| IDENTIFYING dark potion
  9173 | D:8      | 9173 ||| DROPPING 2 scrolls of immolation.
  9235 | D:9      | Found a shimmering blue altar of Sif Muna.
  9270 | D:9      | 9270 ||| INVOKING Heroism.
  9317 | D:9      | 9317 ||| INVOKING Heroism.
  9368 | D:9      | 9368 ||| FLEEEEING.
  9369 | D:9      | 9369 ||| FLEEEEING.
  9370 | D:9      | 9370 ||| FLEEEEING.
  9558 | D:9      | Found a staircase to the Lair.
  9674 | D:9      | 9674 ||| PLANNING LAIR
  9674 | D:9      | 9674 ||| DROPPING ring of fire.
  9760 | Lair:1   | Entered Level 1 of the Lair of Beasts
  9787 | Lair:1   | 9787 ||| INVOKING Heroism.
  9872 | Lair:1   | Reached skill level 15 in Ranged Weapons
  9889 | Lair:1   | 9889 ||| INVOKING Heroism.
  9903 | Lair:1   | Reached **** piety under Okawaru
  9937 | Lair:1   | 9937 ||| INVOKING Heroism.
 10005 | Lair:1   | 10005 ||| INVOKING Heroism.
 10008 | Lair:1   | Received a gift from Okawaru
 10073 | Lair:1   | 10073 ||| INVOKING Heroism.
 10261 | Lair:1   | Noticed Grum
 10262 | Lair:1   | 10262 ||| INVOKING Heroism.
 10271 | Lair:1   | Killed Grum
 10314 | Lair:1   | 10314 ||| INVOKING Heroism.
 10733 | Lair:1   | 10733 ||| UPGRADING to +0 cloak.
 10738 | Lair:1   | 10738 ||| READING scroll labelled WANTUZXOXE.
 10739 | Lair:1   | 10739 ||| READING 3 scrolls of identify.
 10739 | Lair:1   | 10739 ||| IDENTIFYING inky potion
 10740 | Lair:1   | 10740 ||| READING 2 scrolls of identify.
 10740 | Lair:1   | 10740 ||| IDENTIFYING cyan potion
 10741 | Lair:1   | 10741 ||| DROPPING potion of invisibility.
 10873 | Lair:2   | Noticed a skyshark
 10882 | Lair:2   | 10882 ||| INVOKING Heroism.
 10885 | Lair:2   | Killed a skyshark
 10886 | Lair:2   | Reached skill level 6 in Invocations
 11019 | Lair:2   | Received a gift from Okawaru
 11023 | Lair:2   | 11023 ||| INVOKING Heroism.
 11051 | Lair:2   | Reached XP level 12. HP: 107/107 MP: 15/15
 11052 | Lair:2   | Found a hole to the Spider Nest.
 11058 | Lair:2   | 11058 ||| INVOKING Heroism.
 11287 | Lair:2   | Reached ***** piety under Okawaru
 11347 | Lair:2   | Found a runed translucent gate.
 11347 | Lair:2   | Found a runed translucent gate.
 11349 | Lair:2   | Found a runed translucent gate.
 11349 | Lair:2   | Noticed a ten-headed hydra
 11349 | Lair:2   | Noticed qw's ghost (journeyman MiHs)
 11350 | Lair:2   | Noticed an 11-headed hydra
 11653 | Lair:2   | 11653 ||| Stepping ~*~*~tactically~*~*~ (water).
 11861 | Lair:2   | Noticed Gastronok
 11862 | Lair:2   | 11862 ||| INVOKING Heroism.
 11873 | Lair:2   | Killed Gastronok
 11987 | Lair:2   | 11987 ||| UPGRADING to +1 hat.
 11992 | Lair:2   | 11992 ||| READING 2 scrolls labelled CETTOPLYTZU.
 11993 | Lair:2   | 11993 ||| DRINKING 2 white potions.
 11994 | Lair:2   | 11994 ||| DROPPING potion of brilliance.
 11995 | Lair:2   | 11995 ||| DROPPING scroll of summoning.
 12010 | Lair:3   | Received a gift from Okawaru
 12064 | Lair:3   | 12064 ||| FLEEEEING.
 12065 | Lair:3   | 12065 ||| FLEEEEING.
 12073 | Lair:3   | 12073 ||| STAIRDANCE
 12147 | Lair:2   | 12147 ||| UPGRADING to +1 pair of boots of stealth.
 12276 | Lair:3   | 12276 ||| INVOKING Heroism.
 12278 | Lair:3   | Noticed an eight-headed hydra
 12283 | Lair:3   | Killed an eight-headed hydra
 12284 | Lair:3   | Reached skill level 9 in Invocations
 12448 | Lair:3   | Found a staircase to the Shoals.
 12823 | Lair:3   | 12823 ||| INVOKING Heroism.
 12831 | Lair:3   | Reached XP level 13. HP: 116/116 MP: 17/19
 12936 | Lair:4   | 12936 ||| INVOKING Heroism.
 12937 | Lair:4   | 12937 ||| Stepping ~*~*~tactically~*~*~ (cloud).
 12938 | Lair:4   | 12938 ||| Stepping ~*~*~tactically~*~*~ (cloud).
 12939 | Lair:4   | 12939 ||| INVOKING Finesse.
 12943 | Lair:4   | 12943 ||| Stepping ~*~*~tactically~*~*~ (cloud).
 12944 | Lair:4   | 12944 ||| Stepping ~*~*~tactically~*~*~ (cloud).
 12950 | Lair:4   | 12950 ||| Stepping ~*~*~tactically~*~*~ (cloud).
 13129 | Lair:4   | 13129 ||| INVOKING Heroism.
 13130 | Lair:4   | 13130 ||| INVOKING Finesse.
 13132 | Lair:4   | 13132 ||| Stepping ~*~*~tactically~*~*~ (outnumbered).
 13184 | Lair:4   | 13184 ||| INVOKING Heroism.
 13234 | Lair:4   | Reached skill level 18 in Ranged Weapons
 13331 | Lair:4   | Found a blossoming altar of Fedhas.
 13334 | Lair:4   | 13334 ||| INVOKING Heroism.
 13489 | Lair:4   | 13489 ||| INVOKING Heroism.
 13595 | Lair:4   | 13595 ||| INVOKING Heroism.
 13601 | Lair:4   | Reached skill level 9 in Dodging
 13628 | Lair:4   | 13628 ||| UPGRADING to +2 pair of boots of stealth.
 13641 | Lair:4   | 13641 ||| DROPPING +1 pair of boots of stealth.
 13642 | Lair:4   | Identified the +6 mace "Puqing" {flame, rElec Will- Dex+4}
 13713 | Lair:4   | 13713 ||| INVOKING Heroism.
 13757 | Lair:4   | Found a staircase to the Slime Pits.
 13956 | Lair:4   | 13956 ||| INVOKING Heroism.
 13968 | Lair:4   | Reached skill level 12 in Fighting
 14239 | Lair:4   | 14239 ||| DROPPING ring of wizardry.
 14240 | Lair:4   | 14240 ||| READING 3 scrolls of identify.
 14240 | Lair:4   | 14240 ||| IDENTIFYING bubbling emerald potion
 14241 | Lair:4   | 14241 ||| READING 2 scrolls of identify.
 14241 | Lair:4   | 14241 ||| IDENTIFYING smoky clear potion
 14242 | Lair:4   | 14242 ||| DROPPING potion of degeneration.
 14243 | Lair:4   | 14243 ||| DROPPING potion of ambrosia.
 14263 | Lair:5   | Entered Level 5 of the Lair of Beasts
 14284 | Lair:5   | 14284 ||| INVOKING Heroism.
 14505 | Lair:5   | 14505 ||| INVOKING Heroism.
 14506 | Lair:5   | 14506 ||| INVOKING Finesse.
 14606 | Lair:5   | 14606 ||| INVOKING Heroism.
 14633 | Lair:5   | 14633 ||| INVOKING Heroism.
 14652 | Lair:5   | Reached XP level 14. HP: 94/129 MP: 20/20
 14807 | Lair:5   | 14807 ||| INVOKING Finesse.
 14814 | Lair:5   | Identified the +2 scale mail of Existentialism {+Inv rCorr
                  | Str+3} (Okawaru gifted it to you on level 5 of the Lair of
                  | Beasts)
 14814 | Lair:5   | Received a gift from Okawaru
 14969 | Lair:5   | 14969 ||| INVOKING Heroism.
 14970 | Lair:5   | 14970 ||| INVOKING Finesse.
 15054 | Lair:5   | Found a corrupted altar of Lugonu.
 15054 | Lair:5   | Found a one-way gate to the infinite horrors of the Abyss.
 15766 | Lair:5   | 15766 ||| INVOKING Heroism.
 15776 | Lair:5   | Reached skill level 6 in Armour
 15818 | Lair:5   | 15818 ||| PLANNING D:1-11
 15818 | Lair:5   | 15818 ||| READING scroll labelled RAJEKOFAIDGH.
 16013 | D:10     | Entered Level 10 of the Dungeon
 16139 | D:10     | Found a shadowy altar of Dithmenos.
 16380 | D:10     | Found a sparkling altar of Nemelex Xobeh.
 16438 | D:10     | 16438 ||| READING 3 scrolls of identify.
 16438 | D:10     | 16438 ||| IDENTIFYING fizzy grey potion
 16439 | D:10     | 16439 ||| READING 2 scrolls of identify.
 16439 | D:10     | 16439 ||| IDENTIFYING fizzy dark potion
 16561 | D:11     | Noticed Erica
 16562 | D:11     | 16562 ||| INVOKING Heroism.
 16574 | D:11     | Killed Erica
 16740 | D:11     | Noticed Nergalle
 16743 | D:11     | 16743 ||| Stepping ~*~*~tactically~*~*~ (outnumbered).
 16758 | D:11     | Killed Nergalle
 16801 | D:11     | 16801 ||| INVOKING Heroism.
 16847 | D:11     | Noticed Josephine
 16851 | D:11     | Killed Josephine
 17146 | D:11     | 17146 ||| PLANNING D
 17158 | D:12     | Found a staircase to the Orcish Mines.
 17369 | D:12     | 17369 ||| FLEEEEING.
 17370 | D:12     | 17370 ||| FLEEEEING.
 17371 | D:12     | 17371 ||| FLEEEEING.
 17372 | D:12     | 17372 ||| FLEEEEING.
 17373 | D:12     | 17373 ||| FLEEEEING.
 17374 | D:12     | 17374 ||| FLEEEEING.
 17375 | D:12     | 17375 ||| FLEEEEING.
 17376 | D:12     | 17376 ||| FLEEEEING.
 17377 | D:12     | 17377 ||| FLEEEEING.
 17378 | D:12     | 17378 ||| FLEEEEING.
 17379 | D:12     | 17379 ||| FLEEEEING.
 17380 | D:12     | 17380 ||| FLEEEEING.
 17381 | D:12     | 17381 ||| FLEEEEING.
 17382 | D:12     | 17382 ||| FLEEEEING.
 17383 | D:12     | 17383 ||| FLEEEEING.
 17384 | D:12     | 17384 ||| FLEEEEING.
 17385 | D:12     | 17385 ||| FLEEEEING.
 17386 | D:12     | 17386 ||| FLEEEEING.
 17387 | D:12     | 17387 ||| STAIRDANCE
 17667 | D:12     | 17667 ||| FLEEEEING.
 17766 | D:12     | Identified the +2 robe of Vyfeusou {Contam rN+ Will+ Str+4}
                  | (Okawaru gifted it to you on level 12 of the Dungeon)
 17766 | D:12     | Received a gift from Okawaru
 18049 | D:12     | 18049 ||| Stepping ~*~*~tactically~*~*~ (outnumbered).
 18050 | D:12     | 18050 ||| Stepping ~*~*~tactically~*~*~ (outnumbered).
 18289 | D:12     | 18289 ||| DROPPING +2 robe of Vyfeusou {Contam rN+ Will+
                  | Str+4}.
 18310 | D:13     | 18310 ||| INVOKING Heroism.
 18311 | D:13     | 18311 ||| INVOKING Finesse.
 18319 | D:13     | Reached skill level 15 in Fighting
 18361 | D:13     | 18361 ||| READING scroll of enchant armour.
 18361 | D:13     | 18361 ||| ENCHANTING +1 hat.
 18374 | D:13     | Noticed Azrael
 18375 | D:13     | 18375 ||| INVOKING Heroism.
 18376 | D:13     | 18376 ||| INVOKING Finesse.
 18383 | D:13     | Killed Azrael
 18580 | D:13     | Noticed Maurice
 18591 | D:13     | Killed Maurice
 18640 | D:13     | Reached XP level 15. HP: 127/141 MP: 21/21
 18816 | D:13     | 18816 ||| INVOKING Heroism.
 18824 | D:13     | HP: 24/141 [four-headed hydra (12)]
 18825 | D:13     | 18825 ||| READING 5 scrolls of teleportation.
 18826 | D:13     | 18826 ||| DRINKING 3 potions of heal wounds.
 18827 | D:13     | 18827 ||| DRINKING 2 potions of heal wounds.
 19467 | D:14     | Found a gate to the Vaults.
 19651 | D:14     | Reached skill level 12 in Dodging
 19745 | D:14     | 19745 ||| FLEEEEING.
 19746 | D:14     | 19746 ||| STAIRDANCE
 19856 | D:13     | 19856 ||| READING scroll of enchant armour.
 19856 | D:13     | 19856 ||| ENCHANTING +0 cloak.
 19909 | D:14     | 19909 ||| READING scroll of enchant armour.
 19909 | D:14     | 19909 ||| ENCHANTING +1 cloak.
 20036 | D:14     | Found Pubies's Assorted Antiques.
 20042 | D:14     | 20042 ||| BUYING blackened emerald ring (205 gold).
 20042 | D:14     | Bought a blackened emerald ring for 205 gold pieces
 20042 | D:14     | 20042 ||| BUYING glowing ring mail (287 gold).
 20042 | D:14     | Bought a glowing ring mail for 287 gold pieces
 20196 | D:14     | 20196 ||| DROPPING +6 ring of strength.
 20229 | D:15     | Entered Level 15 of the Dungeon
 20424 | D:15     | 20424 ||| INVOKING Heroism.
 20626 | D:15     | 20626 ||| INVOKING Heroism.
 20630 | D:15     | 20630 ||| READING 6 scrolls of teleportation.
 20732 | D:15     | 20732 ||| INVOKING Heroism.
 21008 | D:15     | 21008 ||| Stepping ~*~*~tactically~*~*~ (outnumbered).
 21010 | D:15     | 21010 ||| Stepping ~*~*~tactically~*~*~ (outnumbered).
 21011 | D:15     | 21011 ||| INVOKING Heroism.
 21014 | D:15     | 21014 ||| Stepping ~*~*~tactically~*~*~ (outnumbered).
 21058 | D:15     | 21058 ||| FLEEEEING.
 21504 | D:15     | Found a staircase to the Depths.
 21642 | D:15     | 21642 ||| PLANNING ORC
 21744 | Orc:1    | Entered Level 1 of the Orcish Mines
 21758 | Orc:1    | 21758 ||| INVOKING Heroism.
 21893 | Orc:2    | Entered Level 2 of the Orcish Mines
 21913 | Orc:2    | 21913 ||| INVOKING Heroism.
 21914 | Orc:2    | 21914 ||| INVOKING Finesse.
 22101 | Orc:2    | Found a staircase to the Elven Halls.
 22159 | Orc:2    | 22159 ||| Stepping ~*~*~tactically~*~*~ (outnumbered).
 22169 | Orc:2    | 22169 ||| Stepping ~*~*~tactically~*~*~ (outnumbered).
 22244 | Orc:2    | 22244 ||| INVOKING Heroism.
 22250 | Orc:2    | HP: 23/147 [ogre/+0 giant spiked club (18)]
 22251 | Orc:2    | 22251 ||| READING 6 scrolls of teleportation.
 22252 | Orc:2    | 22252 ||| DRINKING 3 potions of heal wounds.
 22267 | Orc:2    | HP: 35/148 [two-headed ogre/+0 dire flail (11)]
 22268 | Orc:2    | 22268 ||| READING 5 scrolls of teleportation.
 22269 | Orc:2    | 22269 ||| DRINKING 2 potions of heal wounds.
 22269 | Orc:2    | Noticed Snorg
 22355 | Orc:2    | 22355 ||| FLEEEEING.
 22357 | Orc:2    | 22357 ||| STAIRDANCE
 22483 | Orc:2    | 22483 ||| INVOKING Heroism.
 22484 | Orc:2    | 22484 ||| Stepping ~*~*~tactically~*~*~ (outnumbered).
 22487 | Orc:2    | 22487 ||| INVOKING Finesse.
 22499 | Orc:2    | 22499 ||| Stepping ~*~*~tactically~*~*~ (outnumbered).
 22529 | Orc:2    | Reached skill level 18 in Fighting
 22664 | Orc:1    | 22664 ||| INVOKING Heroism.
 22989 | Orc:2    | 22989 ||| INVOKING Heroism.
 22992 | Orc:2    | Received a gift from Okawaru
 22995 | Orc:2    | Reached XP level 16. HP: 157/157 MP: 19/22
 23023 | Orc:2    | 23023 ||| INVOKING Heroism.
 23066 | Orc:2    | Killed Snorg
 23138 | Orc:2    | 23138 ||| FLEEEEING.
 23139 | Orc:2    | 23139 ||| FLEEEEING.
 23140 | Orc:2    | 23140 ||| FLEEEEING.
 23141 | Orc:2    | 23141 ||| FLEEEEING.
 23142 | Orc:2    | 23142 ||| INVOKING Heroism.
 23187 | Orc:2    | Found Zuicw's Armour Emporium.
 23188 | Orc:2    | Found Qynosk's Weapon Boutique.
 23210 | Orc:2    | Found Ucsaen's General Store.
 23210 | Orc:2    | Found Awupp's Armour Emporium.
 23217 | Orc:2    | 23217 ||| BUYING +0 cloak of poison resistance (153 gold).
 23217 | Orc:2    | Bought a +0 cloak of poison resistance for 153 gold pieces
 23218 | Orc:2    | 23218 ||| BUYING scroll of enchant weapon (127 gold).
 23218 | Orc:2    | Bought a scroll of enchant weapon for 127 gold pieces
 23218 | Orc:2    | 23218 ||| BUYING scroll of identify (34 gold).
 23218 | Orc:2    | Bought a scroll of identify for 34 gold pieces
 23219 | Orc:2    | 23219 ||| BUYING +4 ring mail of fire resistance (372
                  | gold).
 23219 | Orc:2    | Bought a +4 ring mail of fire resistance for 372 gold
                  | pieces
 23500 | Orc:2    | 23500 ||| PLANNING SHOALS:1-3
 23500 | Orc:2    | 23500 ||| UPGRADING to +4 ring mail of fire resistance.
 23722 | Shoals:1 | Entered Level 1 of the Shoals
 23842 | Shoals:1 | 23842 ||| Stepping ~*~*~tactically~*~*~ (outnumbered).
 23845 | Shoals:1 | 23845 ||| Stepping ~*~*~tactically~*~*~ (water).
 23854 | Shoals:1 | 23854 ||| Stepping ~*~*~tactically~*~*~ (water).
 23884 | Shoals:1 | Reached skill level 9 in Armour
 24006 | Shoals:1 | 24006 ||| DROPPING ring of magical power.
 24022 | Shoals:1 | 24022 ||| Stepping ~*~*~tactically~*~*~ (water).
 24034 | Shoals:1 | 24034 ||| Stepping ~*~*~tactically~*~*~ (water).
 24046 | Shoals:1 | 24046 ||| Stepping ~*~*~tactically~*~*~ (water).
 24242 | Shoals:1 | 24242 ||| Stepping ~*~*~tactically~*~*~ (water).
 24521 | Shoals:1 | 24521 ||| UPGRADING to amulet of faith.
 24571 | Shoals:2 | 24571 ||| INVOKING Heroism.
 24610 | Shoals:2 | 24610 ||| INVOKING Heroism.
 24785 | Shoals:2 | 24785 ||| Stepping ~*~*~tactically~*~*~ (outnumbered).
 24807 | Shoals:2 | 24807 ||| Stepping ~*~*~tactically~*~*~ (water).
 24809 | Shoals:2 | 24809 ||| Stepping ~*~*~tactically~*~*~ (water).
 24814 | Shoals:2 | 24814 ||| Stepping ~*~*~tactically~*~*~ (outnumbered).
 25012 | Shoals:2 | 25012 ||| Stepping ~*~*~tactically~*~*~ (outnumbered).
 25014 | Shoals:2 | Received a gift from Okawaru
 25014 | Shoals:2 | Found the +1 cloak of Starlight {*Dazzle EV+4 Stlth--}
 25015 | Shoals:2 | 25015 ||| Stepping ~*~*~tactically~*~*~ (outnumbered).
 25018 | Shoals:2 | 25018 ||| Stepping ~*~*~tactically~*~*~ (outnumbered).
 25066 | Shoals:2 | 25066 ||| Stepping ~*~*~tactically~*~*~ (water).
 25318 | Shoals:2 | 25318 ||| DROPPING +0 cloak of poison resistance.
 25319 | Shoals:2 | 25319 ||| UPGRADING to +1 cloak of Starlight {*Dazzle EV+4
                  | Stlth--}.
 25329 | Shoals:2 | 25329 ||| DROPPING +2 cloak.
 25330 | Shoals:2 | 25330 ||| READING 13 scrolls of identify.
 25330 | Shoals:2 | 25330 ||| IDENTIFYING silvery potion
 25331 | Shoals:2 | 25331 ||| DROPPING potion of berserk rage.
 25360 | Shoals:3 | Found Lekkos's Book Boutique.
 25414 | Shoals:3 | 25414 ||| INVOKING Heroism.
 25415 | Shoals:3 | 25415 ||| INVOKING Finesse.
 25573 | Shoals:3 | 25573 ||| FLEEEEING.
 25574 | Shoals:3 | 25574 ||| FLEEEEING.
 25575 | Shoals:3 | 25575 ||| FLEEEEING.
 25646 | Shoals:3 | 25646 ||| Stepping ~*~*~tactically~*~*~ (water).
 25657 | Shoals:3 | Identified Roxanne's Handbook of Metal
 25657 | Shoals:3 | Noticed Roxanne
 25658 | Shoals:3 | 25658 ||| INVOKING Heroism.
 25678 | Shoals:3 | Killed Roxanne
 25794 | Shoals:3 | 25794 ||| Stepping ~*~*~tactically~*~*~ (water).
 25797 | Shoals:3 | 25797 ||| Stepping ~*~*~tactically~*~*~ (water).
 25818 | Shoals:3 | Identified the +0 robe "Terhyuq" {Will++}
 25961 | Shoals:3 | 25961 ||| PLANNING SPIDER:1-3
 25961 | Shoals:3 | 25961 ||| DROPPING +0 robe "Terhyuq" {Will++}.
 25962 | Shoals:3 | 25962 ||| READING scroll labelled QOAFIO MOTERR.
 26035 | Spider:1 | Entered Level 1 of the Spider Nest
 26043 | Spider:1 | 26043 ||| STAIRDANCE
 26183 | Spider:1 | 26183 ||| INVOKING Heroism.
 26190 | Spider:1 | Reached skill level 12 in Armour
 26204 | Spider:1 | HP: 37/160 [wolf spider simulacrum (20)]
 26205 | Spider:1 | 26205 ||| READING 4 scrolls of teleportation.
 26206 | Spider:1 | 26206 ||| DRINKING 2 potions of heal wounds.
 26207 | Spider:1 | 26207 ||| DRINKING potion of heal wounds.
 26689 | Spider:1 | Noticed Nikola
 26690 | Spider:1 | 26690 ||| INVOKING Heroism.
 26700 | Spider:1 | Killed Nikola
 26976 | Spider:1 | Reached XP level 17. HP: 151/170 MP: 23/23
 27052 | Spider:1 | Noticed Agnes
 27053 | Spider:1 | 27053 ||| INVOKING Heroism.
 27054 | Spider:1 | 27054 ||| INVOKING Finesse.
 27059 | Spider:1 | Killed Agnes
 27122 | Spider:1 | Noticed Aizul
 27123 | Spider:1 | 27123 ||| INVOKING Heroism.
 27128 | Spider:1 | 27128 ||| Stepping ~*~*~tactically~*~*~ (outnumbered).
 27140 | Spider:1 | Killed Aizul
 27160 | Spider:1 | HP: 38/170 [disintegration (37)]
 27161 | Spider:1 | 27161 ||| READING 3 scrolls of teleportation.
 27162 | Spider:1 | 27162 ||| INVOKING Heroism.
 27299 | Spider:1 | 27299 ||| INVOKING Heroism.
 27548 | Spider:1 | 27548 ||| DRINKING 3 potions of resistance.
 28143 | Spider:2 | Reached skill level 15 in Dodging
 28170 | Spider:2 | 28170 ||| FLEEEEING.
 28171 | Spider:2 | 28171 ||| FLEEEEING.
 28172 | Spider:2 | 28172 ||| FLEEEEING.
 28172 | Spider:2 | Noticed Mlioglotl
 28173 | Spider:2 | 28173 ||| STAIRDANCE
 28277 | Spider:2 | 28277 ||| INVOKING Heroism.
 28278 | Spider:2 | 28278 ||| STAIRDANCE
 28280 | Spider:1 | 28280 ||| DRINKING 11 potions of curing.
 28280 | Spider:1 | 28280 ||| (to cure confusion)
 28302 | Spider:1 | Killed Mlioglotl
 28499 | Spider:2 | 28499 ||| STAIRDANCE
 28576 | Spider:2 | 28576 ||| STAIRDANCE
 28578 | Spider:1 | 28578 ||| INVOKING Finesse.
 28717 | Spider:2 | 28717 ||| STAIRDANCE
 28868 | Spider:2 | Noticed Kirke
 28873 | Spider:2 | Killed Kirke
 28892 | Spider:2 | 28892 ||| INVOKING Finesse.
 29465 | Spider:3 | 29465 ||| Stepping ~*~*~tactically~*~*~ (outnumbered).
 29466 | Spider:3 | 29466 ||| Stepping ~*~*~tactically~*~*~ (outnumbered).
 29467 | Spider:3 | 29467 ||| INVOKING Heroism.
 29476 | Spider:3 | 29476 ||| Stepping ~*~*~tactically~*~*~ (outnumbered).
 29481 | Spider:3 | 29481 ||| Stepping ~*~*~tactically~*~*~ (outnumbered).
 29483 | Spider:3 | 29483 ||| Stepping ~*~*~tactically~*~*~ (outnumbered).
 29486 | Spider:3 | HP: 23/172 [broodmother (32)]
 29487 | Spider:3 | 29487 ||| READING 3 scrolls of teleportation.
 29488 | Spider:3 | Demolished by a broodmother

Levels and vault maps discovered:
D:1:      dpeg_arrival_oval, layout_rooms, ebering_ecumenical_altar_sacrificial,
          minmay_pentomino_r4
D:2:      layout_basic, basic_altar, uniq_sigmund
D:3:      layout_loops_ring, nicolae_vehumet_altar_sigil,
          mainiacjoe_overflow_24_doors, gup_sewer_entry_bubbles
D:4:      layout_loops_ring, overflow_temple_1_default, kennysheep_diamond,
          nicolae_elemental_shop, minmay_crossroads
D:5:      layout_basic, lemuel_mausoleum_altar_kikubaaqudgha,
          wad_floor_pattern_2, minmay_manual_mail
D:6:      cheibrodos_two_vegetables, layout_rooms, minmay_temple_entry_mist,
          kennysheep_cluttered_room
D:7:      layout_basic, amcnicky_altar_gilded,
          nicolae_gozag_conspicuous_consumption,
          gammafunk_temple_overflow_pools, serial_shops, shop,
          nicolae_shop_firing_range, uniq_pikel
D:8:      layout_gridville, evilmike_ruin_ashenzari,
          mainiacjoe_overflow_concentric_impassable, kennysheep_little_box,
          grunt_qazlal_clouds, nicolae_shop_dragon_depot
D:9:      layout_long_grid, fedhas_bush_and_centaur_altar,
          nicolae_sif_muna_condensation, erik_lair_dragon
D:10:     layout_cave_pools, grunt_dithmenos_smoke_and_mirrors,
          nemelex_diamond_rough_becter
D:11:     layout_gridville, uniq_nergalle, uniq_erica, uniq_josephine
D:12:     layout_long_grid, minmay_orc_entry_temple_small
D:13:     layout_loops_cross, nicolae_kite_square_tiling_tiny,
          minmay_fractal_squares_diagonal_5, uniq_azrael, uniq_maurice
D:14:     layout_roguey, david_vaults_4, serial_shops, shop,
          palyth_stone_intersect, dreamdust_princess_corridor
D:15:     grunt_enter_depths_magical_seal, layout_basic, serial_bayou_pond_e
Temple:   hellmonk_temple_micro_hex
Lair:1:   layout_long_grid, uniq_grum
Lair:2:   layout_regular_city, nicolae_spider_entry_lesser_pyramids,
          nicolae_volcano_entry_s_turn, gammafunk_ghost_hydra_chop,
          lemuel_fruit_fields, serial_bayou_shore_a, uniq_gastronok
Lair:3:   layout_cave_pods, elwin_shoals_entry_rocks, infiniplex_staircase_pool
Lair:4:   minmay_lair_oklob_chamber, layout_cellular_growth,
          nicolae_slime_entry_field_trip, hangedman_tree_tricks,
          grunt_megastairs_1
Lair:5:   hellmonk_lair_end_abyssal_woods, layout_loops_ring,
          portal_ice_cave_entry_animals_and_master, gammafunk_lair_bear_cave
Shoals:1: cheibrodos_shoals_roost, layout_shoals
Shoals:2: layout_shoals
Shoals:3: layout_shoals, serial_shops, nicolae_shop_just_a_little_nook,
          nicolae_shoals_circle_sea_wall, uniq_roxanne
Spider:1: layout_chambers, uniq_aizul, uniq_nikola, uniq_agnes
Spider:2: layout_spider_delve, drop_trap, hangedman_spider_tarantella_strand,
          uniq_mlioglotl, uniq_kirke
Spider:3: layout_spider_delve
Orc:1:    layout_caves
Orc:2:    st_orc_ogre_mass, layout_diamond_mine, uniq_snorg

Skill      XL: |  1  2  3  4  5  6  7  8  9 10 11 12 13 14 15 16 17 |
---------------+----------------------------------------------------+-----
Ranged Weapons | 3 5 6 7 9 10 12 14 16 17 19 20 | 20.0
Fighting       | 2 4 5 7 8 9 10 11 13 15 18 19 20 | 20.8
Armour         | 1 2 4 5 7 8 12 | 12.0
Dodging        | 3 4 6 7 8 9 11 13 14 15 | 15.0
Invocations    | 3 4 6 9 10 | 10.0
Spellcasting   | |  1.0
Hexes          | |  2.0

Action                     |  1- 3 |  4- 6 |  7- 9 | 10-12 | 13-15 | 16-18 || total
---------------------------+-------+-------+-------+-------+-------+-------++-------
   Fire: Sling             |    66 |   137 |     2 |       |       |       ||   205
         Orcbow            |       |       |   408 |   231 |       |       ||   639
         Longbow           |       |       |       |   353 |  1426 |   749 ||  2528
 Invoke: Heroism           |       |       |    11 |    22 |    29 |    14 ||    76
         Finesse           |       |       |       |       |     9 |     4 ||    13
    Use: Scroll            |     3 |     9 |     4 |     8 |    12 |     5 ||    41
         Potion            |       |     5 |     2 |     1 |     4 |     4 ||    16
 Armour: Robe              |     4 |       |       |       |       |       ||     4
         Ring mail         |     4 |    27 |    76 |     3 |       |   140 ||   250
         Leather armour    |       |       |       |    33 |   123 |     1 ||   157
         Steam dragon scal |       |       |       |     3 |       |       ||     3
  Dodge: Dodged            |     9 |    54 |   228 |   254 |   622 |   740 ||  1907

Table legend:
 A = Non-vault XP
 B = Vault XP
 C = Vault XP percentage of total XP
 D = Non-vault monster count
 E = Vault monster count
 F = Vault count percentage of total count
                 A         B        C        D         E       F
            +---------+---------+-------+---------+---------+-------
      Total |  163837 |   75775 |  31.6 |     680 |     223 |  24.7
            +---------+---------+-------+---------+---------+-------
        D:1 |      17 |       5 |  22.7 |      10 |       3 |  23.1
        D:2 |      29 |     206 |  87.7 |      12 |       1 |   7.7
        D:3 |      84 |      34 |  28.8 |      19 |       7 |  26.9
        D:4 |     272 |     122 |  31.0 |      15 |       2 |  11.8
        D:5 |     585 |    1047 |  64.2 |      16 |      18 |  52.9
        D:6 |    1079 |     766 |  41.5 |      20 |       4 |  16.7
        D:7 |    1379 |     629 |  31.3 |      17 |       1 |   5.6
        D:8 |    2845 |       0 |   0.0 |      29 |       0 |   0.0
        D:9 |    3577 |    1403 |  28.2 |      31 |       6 |  16.2
       D:10 |    2068 |       0 |   0.0 |      16 |       0 |   0.0
       D:11 |    5190 |    3619 |  41.1 |      18 |       8 |  30.8
       D:12 |    6040 |     214 |   3.4 |      26 |       4 |  13.3
       D:13 |    3791 |    5019 |  57.0 |       6 |      15 |  71.4
       D:14 |    2711 |    1712 |  38.7 |       9 |       3 |  25.0
       D:15 |   18868 |    4249 |  18.4 |      42 |       9 |  17.6
     Lair:1 |    5585 |     435 |   7.2 |      22 |       3 |  12.0
     Lair:2 |    7989 |    3073 |  27.8 |      25 |       6 |  19.4
     Lair:3 |    8287 |       0 |   0.0 |      33 |       0 |   0.0
     Lair:4 |    8098 |    5949 |  42.4 |      28 |      19 |  40.4
     Lair:5 |   14801 |   14167 |  48.9 |      45 |      50 |  52.6
   Shoals:1 |    8293 |    3135 |  27.4 |      18 |       6 |  25.0
   Shoals:2 |   15364 |       0 |   0.0 |      27 |       0 |   0.0
   Shoals:3 |    6026 |    1400 |  18.9 |      14 |       1 |   6.7
   Spider:1 |   25656 |    7648 |  23.0 |      73 |       9 |  11.0
   Spider:2 |    2795 |    1396 |  33.3 |       7 |       1 |  12.5
   Spider:3 |    1761 |       0 |   0.0 |       7 |       0 |   0.0
      Orc:1 |    4094 |       0 |   0.0 |      24 |       0 |   0.0
      Orc:2 |    6553 |   19399 |  74.7 |      71 |      43 |  37.7
      Sewer |       0 |     148 | 100.0 |       0 |       4 | 100.0
            +---------+---------+-------+---------+---------+-------
